 Dungeon Crawl Stone Soup version 0.29.1-2-gbd0b4ee654 (webtiles) character file.

Game seed: 16781398721491133778

46391 funnyparkerb the Basher (level 14, -35/92 HPs)
             Began as a Gargoyle Fighter on Nov 16, 2022.
             Was the Champion of Okawaru.
             Annihilated by a death yak simulacrum (40 damage)
             ... on level 5 of the Lair of Beasts.
             The game lasted 00:29:18 (22915 turns).

funnyparkerb the Basher (Gargoyle Fighter)         Turns: 22915, Time: 00:29:18

Health: -35/92     AC: 34    Str: 21    XL:     14   Next: 37%
Magic:  30/30      EV: 15    Int: 11    God:    Okawaru [******]
Gold:   1014       SH:  5    Dex: 17    Spells: 13/13 levels left

rFire   . . .      SeeInvis .   W - +9 great mace of Grontol {pain, Int+2}
rCold   . . .      Faith    .   (shield currently unavailable)
rNeg    + . .      Spirit   .   r - +0 plate armour
rPois   ∞          Reflect  +   R - +2 hat {Will+}
rElec   +          Harm     .   g - +1 cloak {Stlth+}
rCorr   .          Rampage  .   M - +1 pair of gloves of Inevitability {rPois MP+9 Dex+4}
Will    +++..                   P - +0 pair of boots
Stlth   ..........              l - amulet of reflection
HPRegen 0.25/turn               f - ring of willpower
MPRegen 0.22/turn               Q - +4 ring of evasion

@: about to teleport, flying
A: sickness immunity, AC +10, big wings, negative energy resistance 1,
electricity resistance, torment resistance 1, petrification resistance
a: Renounce Religion, Heroism, Finesse, Duel


You were on level 5 of the Lair of Beasts.
You worshipped Okawaru.
Okawaru was exalted by your worship.
You visited 3 branches of the dungeon, and saw 18 of its levels.

You collected 1014 gold pieces.

Inventory:

Hand Weapons
 J - the +8 demon whip "Kaetwuez" {freeze, Int+4 Dex+5}
   (You found it on level 11 of the Dungeon)

   It freezes those it strikes, dealing additional cold damage.
   It can also slow down cold-blooded creatures.
   Int:       It affects your intelligence (+4).
   Dex:       It affects your dexterity (+5).
 W - the +9 great mace of Grontol (weapon) {pain, Int+2}
   (Okawaru gifted it to you on level 5 of the Lair of Beasts)

   In the hands of one skilled in necromantic magic, it inflicts extra damage on
   living creatures.
   Int:       It affects your intelligence (+2).
Missiles
 a - 7 silver javelins
 d - 10 curare-tipped darts
 x - 9 boomerangs (quivered)
 y - a javelin
Armour
 c - a +0 buckler
 g - a +1 cloak of stealth (worn)
 r - a +0 plate armour (worn)
 M - the +1 pair of gloves of Inevitability (worn) {rPois MP+9 Dex+4}
   (Okawaru gifted it to you on level 12 of the Dungeon)

   Dex:       It affects your dexterity (+4).
   rPois:     It protects you from poison.
   MP:        It affects your magic capacity (+9).
 P - a +0 pair of boots (worn)
 R - a +2 hat of willpower (worn)
Jewellery
 f - a ring of willpower (left hand)
 k - a +6 ring of dexterity
 l - an amulet of reflection (around neck)
 O - a ring of ice
 Q - a +4 ring of evasion (right hand)
 T - a +4 ring of protection
Wands
 b - a wand of flame (62)
 t - a wand of roots (6)
 D - a wand of digging (8)
 K - a wand of mindburst (16)
 U - a wand of polymorph (6)
Scrolls
 e - 3 scrolls of torment {unknown}
 i - 9 scrolls of teleportation
 j - 3 scrolls of vulnerability {unknown}
 o - 5 scrolls of fear {unknown}
 s - 3 scrolls of magic mapping {unknown}
 v - 4 scrolls of noise
 w - 2 scrolls of silence {unknown}
 B - a scroll of brand weapon {unknown}
 C - 3 scrolls of enchant armour {unknown}
 F - a scroll of acquirement {unknown}
 G - 3 scrolls of blinking {unknown}
 H - 2 scrolls of enchant weapon {unknown}
 I - 2 scrolls of poison {unknown}
 N - a scroll of immolation {unknown}
Potions
 h - 9 potions of curing
 m - 3 potions of brilliance
 n - 3 potions of lignification
 p - 3 potions of ambrosia
 q - a potion of berserk rage
 u - 2 potions of attraction
 z - a potion of cancellation
 A - 2 potions of magic
 E - a potion of degeneration
 L - 3 potions of might
 S - a potion of resistance {unknown}
Miscellaneous
 V - a lightning rod (4/4)


   Skills:
 + Level 12.7 Fighting
 + Level 12.8 Maces & Flails
 + Level 12.8 Armour
 + Level 8.9 Dodging
 - Level 5.6 Shields
 - Level 10.0 Invocations


You had 13 spell levels left.
You didn't know any spells.
Your spell library contained the following spells:

 Spells                   Type           Power      Damage    Failure   Level
 Magic Dart               Conj           0%         1d3       99%         1
 Sandblast                Erth           0%         2d4       99%         1
 Shock                    Conj/Air       0%         1d3       99%         1
 Passwall                 Tmut/Erth      0%         N/A       100%        2
 Searing Ray              Conj           0%         2d4       100%        2
 Mephitic Cloud           Conj/Pois/Air  0%         N/A       100%        3
 Stone Arrow              Conj/Erth      0%         3d7       100%        3
 Swiftness                Air            0%         N/A       100%        3
 Airstrike                Air            0%         2d(0-16)  100%        4
 Fulminant Prism          Conj/Hex       0%         3d6       100%        4
 Passage of Golubria      Tloc           0%         N/A       100%        4
 Yara's Violent Unravell  Hex/Tmut       0%         3d3       100%        5
 Call Imp                 Summ           Unusable   N/A       N/A         2
 Tukima's Dance           Hex            Unusable   N/A       N/A         3

Dungeon Overview and Level Annotations

Branches:
Dungeon (12/15)            Temple (1/1) D:5            Lair (5/5) D:11
 Shoals (0/4) Lair:2       Spider (0/4) Lair:2        Slime (0/5) Lair:4
    Orc (0/2) D:10

Altars:
Ashenzari
Cheibriados
Dithmenos
Elyvilon
Fedhas
Gozag
Hepliaklqana
Makhleb
Nemelex Xobeh
Okawaru
Qazlal
Ru
Sif Muna
Trog
Uskayaw
Vehumet
Wu Jian
Xom
Yredelemnul
Zin
The Shining One
Jiyva

Shops:
D:6 *   D:10 (

Annotations:
D:10 3 runed translucent doors, mkat's ghost, journeyman HOSu
Lair:4 exclusion: oklob plant
Lair:5 exclusion: obsidian statue


Innate Abilities, Weirdness & Mutations

You are immune to sickness and miasma.
Your stone body is resilient. (AC +10)
You are immune to poison.
Your large and strong wings let you fly.
You resist negative energy. (rN+)
You are resistant to electric shocks. (rElec)
You are resistant to unholy torment.
You are immune to petrification.


Message History

Okay, then.
You now have 991 gold pieces (gained 9).
Things that are here:
a +0 dagger; a +0 robe Marking area around an obsidian statue as unsafe for travelling.
The obsidian statue slips into the dungeon's darkness for a moment.
You now have 1014 gold pieces (gained 23).
There is an open door here.
Could not explore, unopened door.
You reach down and open the large door.
A death yak simulacrum and a spectral cane toad come into view.
The spectral cane toad misses you.
There is a large open door here.
You bludgeon the spectral cane toad!!
The spectral cane toad is heavily damaged.
The spectral cane toad hits you.
You sock the spectral cane toad!
The spectral cane toad is severely damaged.
The spectral cane toad completely misses you.
The spectral cane toad hits you.
You sock the spectral cane toad!
The spectral cane toad is almost destroyed.
The death yak simulacrum gores you. The death yak simulacrum freezes you!!
The spectral cane toad hits you but does no damage.
You barely miss the spectral cane toad.
The spectral cane toad is almost destroyed.
The spectral cane toad barely misses you.
The death yak simulacrum misses you.
You bludgeon the spectral cane toad!!
You destroy the spectral cane toad!
Okawaru accepts your kill. The death yak simulacrum gores you!
The death yak simulacrum freezes you!!
* * * LOW HITPOINT WARNING * * *
You are too injured to fight recklessly!
Okay, then.
As you read the scroll of teleportation, it crumbles to dust.
You feel strangely unstable. The death yak simulacrum gores you.
* * * LOW HITPOINT WARNING * * *
The death yak simulacrum freezes you!!!
You die...

###.##.......
#...#♣..#.... ##
#.###P.P###.. #.
##.##....##.#. ##.
#..#♣.....#... ###..
#.##♣.....#.##
#.P..####.# ♣P...#.###
##..Z'....# #♣....##.#
#....@..######P..###..
#...##8..'..P#♣..#P...
##. #####.).##..#...[
# #...##..#....
#...##..P....
#...##.......
#8.8#♣.......
♣########.......
..8+)# ##.......


You could see a death yak simulacrum.

Vanquished Creatures
  4 hydras
  A boulder beetle (Lair:3)
  A catoblepas (Lair:1)
  4 death yaks
  Urug (Lair:5)
  A spectral death yak (Lair:5)
  Amaemon (D:9)
  Sonja (Lair:5)
  A fire crab (Lair:4)
  A necromancer (Lair:5)
  2 lindwurms
  2 ugly things (D:12)
  A cyclops (D:11)
  A slime creature (D:12)
  9 elephants
  2 torpor snails
  7 black mambas
  A gargoyle (D:11)
  14 cane toads
  3 rime drakes
  An orange demon (D:9)
  Maggie (D:9)
  An unseen horror (D:12)
  A kobold demonologist (D:10)
  4 komodo dragons
  3 trolls
  An efreet (D:11)
  A meliai (Lair:2)
  2 polar bears
  Grinder (D:4)
  9 dream sheep
  19 blink frogs
  A wraith (D:12)
  3 wyverns
  37 yaks
  Grum (D:9)
  A steam dragon (Lair:3)
  2 vampire mosquitoes (D:11)
  6 basilisks
  2 spectral cane toads (Lair:5)
  3 acid dragons
  7 water moccasins
  2 ice beasts
  A sky beast (D:4)
  3 black bears
  4 ogres
  18 wolves
  An elephant skeleton (Lair:5)
  A phantom (D:5)
  13 centaurs
  3 kobold brigands
  15 bullfrogs
  Blork the orc (D:5)
  2 necrophages
  2 scorpions (D:4)
  19 killer bees
  2 electric eels (D:9)
  3 howler monkeys
  7 hounds
  3 jellies
  An orc priest (D:4)
  5 iguanas
  Ijyb (D:3)
  3 orc wizards
  Natasha (thrice) (D:3)
  Robin (D:3)
  A gnoll (D:6)
  5 adders
  A white imp (D:6)
  2 worms
  2 dart slugs
  21 orcs
  7 endoplasms
  2 giant cockroaches
  13 goblins
  12 hobgoblins
  6 jackals
  5 quokkas
  9 ball pythons
  3 bats
  A frilled lizard (D:1)
  24 kobolds
  5 rats
398 creatures vanquished.

Vanquished Creatures (others)
  A bush (Lair:3)
  28 fungi
  51 plants
  31 withered plants (Lair:5)
111 creatures vanquished.

Grand Total: 509 creatures vanquished

Notes
Turn   | Place    | Note
-------+----------+-------------------------------------------
     0 | D:1      | funnyparkerb the Gargoyle Fighter began the quest for the
                  | Orb.
     0 | D:1      | Reached XP level 1. HP: 14/14 MP: 1/1
   184 | D:1      | Reached XP level 2. HP: 19/19 MP: 2/2
   935 | D:1      | You fall into a shaft and drop 1 floor!
   966 | D:1      | Reached XP level 3. HP: 13/23 MP: 3/3
  1644 | D:3      | Noticed Natasha
  1651 | D:3      | Killed Natasha
  1652 | D:3      | Reached XP level 4. HP: 18/28 MP: 4/4
  1940 | D:3      | Noticed Natasha
  1965 | D:3      | Killed Natasha
  2160 | D:3      | Reached skill level 5 in Maces & Flails
  2160 | D:3      | Reached XP level 5. HP: 24/32 MP: 5/5
  2320 | D:3      | Noticed Natasha
  2324 | D:3      | Killed Natasha
  2416 | D:3      | Noticed Robin
  2465 | D:3      | Killed Robin
  2626 | D:3      | Noticed Ijyb
  2638 | D:3      | Killed Ijyb
  3142 | D:4      | Reached XP level 6. HP: 34/37 MP: 6/6
  3177 | D:4      | Noticed a sky beast
  3211 | D:4      | Killed a sky beast
  3260 | D:4      | Reached skill level 1 in Dodging
  3280 | D:4      | Noticed Grinder
  3303 | D:4      | Killed Grinder
  3304 | D:4      | Reached XP level 7. HP: 42/43 MP: 7/7
  4244 | D:5      | Entered Level 5 of the Dungeon
  4803 | D:5      | Reached skill level 5 in Fighting
  4803 | D:5      | Reached skill level 5 in Armour
  4803 | D:5      | Reached XP level 8. HP: 40/49 MP: 8/8
  5658 | D:5      | Noticed Blork the orc
  5665 | D:5      | Killed Blork the orc
  5731 | D:5      | Found a staircase to the Ecumenical Temple.
  5742 | Temple   | Entered the Ecumenical Temple
  5839 | Temple   | Became a worshipper of Warmaster Okawaru
  6491 | D:6      | Reached skill level 1 in Invocations
  6761 | D:6      | Reached XP level 9. HP: 55/55 MP: 9/9
  6763 | D:6      | Found Bedaec's Assorted Antiques.
  6789 | D:6      | Found an opulent altar of Gozag.
  7465 | D:6      | Reached skill level 5 in Shields
  7942 | D:7      | Found a radiant altar of Vehumet.
  7987 | D:7      | Reached * piety under Okawaru
  8487 | D:7      | Found a basalt altar of Yredelemnul.
 10030 | D:8      | Reached ** piety under Okawaru
 10043 | D:8      | Reached XP level 10. HP: 59/63 MP: 11/13
 10663 | D:9      | Noticed Amaemon
 10665 | D:9      | Noticed an orange demon
 10681 | D:9      | Killed Amaemon
 10681 | D:9      | Reached *** piety under Okawaru
 10685 | D:9      | Killed an orange demon
 11127 | D:9      | Reached skill level 5 in Invocations
 11649 | D:9      | Noticed Grum
 11668 | D:9      | Killed Grum
 11677 | D:9      | Reached **** piety under Okawaru
 12320 | D:9      | Noticed Maggie
 12333 | D:9      | Killed Maggie
 12729 | D:10     | Entered Level 10 of the Dungeon
 12800 | D:10     | Found a staircase to the Orcish Mines.
 12819 | D:10     | Found a runed translucent gate.
 12821 | D:10     | Found a runed translucent gate.
 12821 | D:10     | Found a runed translucent gate.
 12873 | D:10     | Noticed mkat's ghost (journeyman HOSu)
 12890 | D:10     | Identified the +3 ring mail of Fedhas's Felicitations
                  | {*Corrode +Blink Slay+3}
 13179 | D:10     | Found Dadoatuk's Weapon Shoppe.
 13220 | D:10     | Found a white marble altar of Elyvilon.
 13275 | D:10     | Found a glowing golden altar of the Shining One.
 13488 | D:10     | Found an ornate altar of the Wu Jian Council.
 13488 | D:10     | Found a shadowy altar of Dithmenos.
 13489 | D:10     | Found a hazy altar of Hepliaklqana.
 13578 | D:11     | Noticed a gargoyle
 13605 | D:11     | Identified the +8 demon whip "Kaetwuez" {freeze, Int+4
                  | Dex+5}
 13707 | D:11     | Reached XP level 11. HP: 35/69 MP: 14/14
 13720 | D:11     | Reached skill level 5 in Dodging
 13904 | D:11     | Found a staircase to the Lair.
 13938 | D:11     | Found a shimmering altar of Xom.
 13939 | D:11     | Found a shimmering altar of Xom.
 13940 | D:11     | Found a shimmering altar of Xom.
 14519 | D:12     | Reached ***** piety under Okawaru
 14607 | D:12     | Noticed a green ugly thing
 14616 | D:12     | Killed a green ugly thing
 14617 | D:12     | Noticed a cyclops
 14625 | D:11     | Reached skill level 10 in Maces & Flails
 14641 | D:11     | Killed a cyclops
 14955 | D:12     | Noticed a green ugly thing
 14964 | D:12     | Identified the +1 pair of gloves of Inevitability {rPois
                  | MP+9 Dex+4} (Okawaru gifted it to you on level 12 of the
                  | Dungeon)
 14964 | D:12     | Received a gift from Okawaru
 14966 | D:12     | Killed a green ugly thing
 15384 | Lair:1   | Entered Level 1 of the Lair of Beasts
 15564 | Lair:1   | Identified the +3 ring mail of Dithmenos {rCorr Int+6
                  | Dex+2}
 15587 | Lair:1   | Reached XP level 12. HP: 77/77 MP: 16/16
 15587 | Lair:1   | Noticed a catoblepas
 15598 | Lair:1   | Reached skill level 10 in Fighting
 15598 | Lair:1   | Reached skill level 10 in Armour
 15607 | Lair:1   | Killed a catoblepas
 16565 | Lair:1   | Received a gift from Okawaru
 16950 | Lair:2   | Found a staircase to the Shoals.
 17504 | Lair:2   | Found a hole to the Spider Nest.
 17713 | Lair:2   | Noticed a death yak
 17733 | Lair:2   | Killed a death yak
 17734 | Lair:2   | Reached XP level 13. HP: 79/84 MP: 19/19
 18896 | Lair:3   | Identified the +1 pair of gloves "Ceiffyck" {Stlth+}
                  | (Okawaru gifted it to you on level 3 of the Lair of Beasts)
 18896 | Lair:3   | Received a gift from Okawaru
 19356 | Lair:3   | Identified the +1 leather armour of the Big Bang {Will+
                  | Str-2 SInv}
 19941 | Lair:4   | Noticed Sonja
 19977 | Lair:4   | Reached ****** piety under Okawaru
 20732 | Lair:4   | Found a staircase to the Slime Pits.
 20732 | Lair:4   | Found a viscous altar of Jiyva.
 21410 | Lair:5   | Entered Level 5 of the Lair of Beasts
 21516 | Lair:5   | Gained mutation: Your large and strong wings let you fly.
                  | [Gargoyle growth]
 21516 | Lair:5   | Reached XP level 14. HP: 83/92 MP: 21/21
 21556 | Lair:5   | Killed Sonja
 21609 | Lair:5   | Identified the +9 great mace of Grontol {pain, Int+2}
                  | (Okawaru gifted it to you on level 5 of the Lair of Beasts)
 21609 | Lair:5   | Received a gift from Okawaru
 21612 | Lair:5   | Noticed Urug
 21621 | Lair:5   | Killed Urug
 21622 | Lair:5   | Reached skill level 10 in Invocations
 22545 | Lair:5   | Noticed a dire elephant
 22545 | Lair:5   | Noticed a dire elephant
 22545 | Lair:5   | Noticed a dire elephant
 22545 | Lair:5   | Noticed a dire elephant
 22547 | Lair:5   | Identified the amulet of the Komtur {Acrobat Will+}
 22915 | Lair:5   | Annihilated by a death yak simulacrum

Illustrated notes

Levels and vault maps discovered:
D:1:      co_arrival_square_in_a_square_in_a_square, layout_loops_cross,
          serial_park_tiny_1
D:2:      layout_basic
D:3:      layout_loops_ring, uniq_natasha, uniq_ijyb, uniq_robin
D:4:      layout_loops_ring, minivault_1, nrook_mini_vaults, uniq_grinder
D:5:      layout_loops_ring, minmay_temple_entry_sparse_star, uniq_blork_the_orc
D:6:      layout_basic, nicolae_gozag_seed_capital, serial_shops,
          nicolae_shop_trees, grunt_ministairs_3, st_stairs_8
D:7:      layout_basic, mainiacjoe_overflow_tiny_flanked,
          mainiacjoe_overflow_alcove_4
D:8:      layout_layer_cave, enter_bailey_8
D:9:      layout_loops_corners, serial_bayou, serial_bayou_lagoon_a,
          serial_bayou_pond_c, serial_bayou_shore_a, serial_bayou_pond_e,
          uniq_amaemon, uniq_maggie, uniq_grum
D:10:     layout_loops_ring, mainiacjoe_overflow_alcove_2,
          gammafunk_temple_overflow_claw, nicolae_tso_swordbearing_angel,
          serial_shops, shop, gammafunk_ghost_icy
D:11:     layout_rooms, david_lair_generic, xom_redecorated
D:12:     layout_loops_ring, serial_shops,
          nicolae_shop_temple_entry_statues_fountains,
          onia_ninara_dug_in_and_dangerous, uniq_erolcha
Temple:   minmay_temple_curvy_branch
Lair:1:   layout_cave_pods, chequers_serial_rivers_micro_a, beast_lair_carwin_2
Lair:2:   layout_regular_city, minmay_shoals_entry_centaurs,
          hellmonk_spider_entry_not_the_bees, minmay_shattered_shrine
Lair:3:   nzn_winding_woodlands_medium [nzn_winding_woodlands_5x5_checkerboard,
          nzn_winding_woodlands_5x15_crooked, nzn_winding_woodlands_5x5_cross,
          nzn_winding_woodlands_hourglass,
          nzn_winding_woodlands_center_diamonds,
          nzn_winding_woodlands_5x5_closed_star,
          nzn_winding_woodlands_5x5_three,
          nzn_winding_woodlands_5x15_pathside_ponds,
          nzn_winding_woodlands_5x5_open_star], layout_layer_cave
Lair:4:   layout_concentric_octagons, slime_entry_1, minmay_lair_oklob_bushes,
          dreamdust_mushroom_princess, minmay_holes, uniq_sonja
Lair:5:   due_jungle_book, layout_cave_pods, uniq_urug

Skill      XL: |  1  2  3  4  5  6  7  8  9 10 11 12 13 14 |
---------------+-------------------------------------------+-----
Maces & Flails | 3 4 5 6 7 8 9 10 11 12 | 12.8
Dodging        | 1 2 3 4 6 7 8 |  8.9
Fighting       | 4 5 6 7 8 9 11 12 | 12.7
Armour         | 4 5 6 7 8 9 11 12 | 12.8
Shields        | 4 5 |  5.6
Invocations    | 1 4 5 6 8 9 10 | 10.0

Action                   |  1- 3 |  4- 6 |  7- 9 | 10-12 | 13-15 || total
-------------------------+-------+-------+-------+-------+-------++-------
Melee: Flail             |   144 |   206 |   215 |       |       ||   565
       Morningstar       |       |       |   192 |   268 |       ||   460
       Demon whip        |       |       |       |   391 |   272 ||   663
       Great mace        |       |       |       |       |   165 ||   165
Throw: Javelin           |       |       |       |     5 |       ||     5
       Boomerang         |       |       |       |     4 |       ||     4
       Dart              |       |       |       |     1 |       ||     1
Invok: Heroism           |       |       |       |     2 |       ||     2
       Finesse           |       |       |       |     1 |       ||     1
Evoke: Wand              |       |     3 |       |     1 |       ||     4
  Use: Potion            |       |     4 |       |     2 |     1 ||     7
       Scroll            |       |       |       |    10 |     1 ||    11
 Stab: Invisible         |       |     2 |       |     3 |       ||     5
       Petrified         |       |       |       |     4 |       ||     4
       Petrifying        |       |       |       |     1 |       ||     1
Armor: Scale mail        |    85 |    10 |       |       |       ||    95
       Chain mail        |       |    54 |       |       |       ||    54
       Plate armour      |       |    28 |   288 |   327 |   200 ||   843
Dodge: Dodged            |    56 |    52 |   131 |   174 |   260 ||   673
Block: Buckler           |    41 |   103 |   237 |   309 |    92 ||   782
       Reflection        |       |     2 |     7 |    24 |     2 ||    35
       Other             |       |       |       |       |    46 ||    46
